 Dungeon Sprint DCSS version 0.21-a0-39-g28ea6b7 (webtiles) character file.

9500000 Denreik the Axe Maniac (level 27, -1/273 HPs)
             Began as a Ghoul Warper on May 31, 2017.
             Was the Champion of Makhleb.
             Killed by dispel undead
             ... invoked by a wretched soul
              (48 damage)
             ... in the Dungeon (Sprint VIII: "Arena of Blood").
             The game lasted 00:11:59 (95 turns).

Denreik the Axe Maniac (Ghoul Warper)                 Turns: 95, Time: 00:12:00

Health: -1/273     AC:  6    Str: 19    XL:     27
Magic:  15/53      EV: 32    Int:  8    God:    Makhleb [******]
Gold:   0          SH:  0    Dex: 17    Spells: 76/80 levels left

rFire    . . .     SeeInvis .   l - +∞ Axe of Woe
rCold    + . .     Gourm    .   (shield currently unavailable)
rNeg     + + +     Faith    .   b - +0 leather armour
rPois    ∞         Spirit   .   (no helmet)
rElec    .         Reflect  .   (no cloak)
rCorr    .         Harm     .   (no gloves)
MR       ++...     NoTele   +   (no boots)
Stlth    +++++++++.             (no amulet)
Regen    0.0/turn               o - +250 ring of slaying
MPRegen  0.4/turn               n - +200 ring of slaying

@: rotting
A: rotting body, claws 1, carnivore 3, cold resistance 1, negative energy
resistance 3, inhibited regeneration, torment resistance, unbreathing
a: Minor Destruction, Lesser Servant of Makhleb, Major Destruction, Greater
Servant of Makhleb, Renounce Religion


You were in the Dungeon.
You worshipped Makhleb.
Makhleb was exalted by your worship.
You were not hungry.

You visited 1 branch

Inventory:

Hand Weapons
 a - a +0 hand axe
 l - the +∞ Axe of Woe (weapon)
   (You found it in the Dungeon)
 m - a +9 great sword of slicing
Missiles
 e - 5 tomahawks of dispersal (quivered)
Armour
 b - a +0 leather armour (worn)
Jewellery
 n - a +200 ring of slaying (right claw)
 o - a +250 ring of slaying (left claw)
Scrolls
 d - 2 scrolls of blinking
Potions
 g - a potion of curing
 h - a potion of heal wounds
 i - a potion of haste
 j - 2 potions of magic
 k - a potion of berserk rage
Books
 c - a book of Spatial Translocations

   Spells                             Type                      Level
   a - Blink                          Translocation                2
   b - Shroud of Golubria             Charms/Translocation         2
   c - Lesser Beckoning               Translocation                3
   d - Gell's Gravitas                Translocation                3
   e - Teleport Other                 Translocation                3
   f - Passage of Golubria            Translocation                4
Comestibles
 f - a meat ration


   Skills:
 O Level 27 Fighting
 O Level 27 Long Blades
 O Level 27 Axes
 O Level 27 Throwing
 O Level 27 Armour
 O Level 27 Dodging
 O Level 27 Stealth
 O Level 27 Unarmed Combat
 O Level 27 Spellcasting
 O Level 27 Translocations
 O Level 27 Invocations


You had 76 spell levels left.
You knew the following spells:

 Your Spells              Type           Power        Failure   Level  Hunger
a - Passage of Golubria   Tloc           N/A          0%          4    ##.....


Dungeon Overview and Level Annotations

Branches:
Dungeon (1/1)

Altars:
Makhleb


Innate Abilities, Weirdness & Mutations

Your body is rotting away.
You thrive on raw meat.
You are immune to poison.
You have sharp fingernails.
You are carnivorous and can eat meat at any time.
Your flesh is cold resistant. (rC+)
You are immune to negative energy. (rN+++)
You do not regenerate when monsters are visible.
You are immune to unholy pain and torment.
You can survive without breathing.


Message History

There is something else lying underneath.
A passage of Golubria, spattered with blood.
There is a cloud of flame here.
This passage doesn't lead anywhere!
This passage doesn't lead anywhere!
This passage doesn't lead anywhere!
You are engulfed in blazing flames.
You hear a shout! x5
You convulse!
* * * LOW HITPOINT WARNING * * *
You hear a shout! x6
An orc and 2 ogres come into view.
You cut the large abomination into ribbons!!!!!!
You hew the large abomination savagely.
You destroy the large abomination!
You are engulfed in blazing flames.
* * * LOW HITPOINT WARNING * * *
You hear a shout! x2
You convulse!
You die...

#.. ..# . #^. .O#
..###.. ..###.
......###......
....._.%.... .
#..%.%# . .O.
#_D§§_# ...
....X#)§§§)#.....
.....X)@§).o.....
..%..X)###)...o..
..###.W ..###.. .
#.. ..# . #.. ..#
X.. ... X... ....
X... ....


You could see a tentacled monstrosity, an eight-headed meat hydra, 5 large
abominations, a dread, 2 meat berserkers and 2 bags of meat.

Vanquished Creatures
  3 hell beasts (D)
  2 greater mummies (D)
  19 vampire knights (D)
  23 ogres (D)
  4 two-headed ogres (D)
  4 liches (D)
  45 orcs (D)
  A phantom (D)
  3 skeletal warriors (D)
  5 large abominations (D)
  2 crawling corpses (D)
111 creatures vanquished.

Vanquished Creatures (others)
  A crawling corpse (D)
1 creature vanquished.

Grand Total: 112 creatures vanquished

Notes
Turn   | Place    | Note
-------+----------+-------------------------------------------
     0 | D        | Denreik the Ghoul Warper began the quest for the Orb.
     0 | D        | Reached XP level 1. HP: 17/17 MP: 2/2
     3 | D        | Noticed a bag of meat
     3 | D        | Noticed a bag of meat
     3 | D        | Noticed a bag of meat
     4 | D        | Became a worshipper of Makhleb the Destroyer
     5 | D        | Noticed a bag of meat
     7 | D        | Noticed a meat berserker
     8 | D        | Noticed a bag of meat
     8 | D        | Killed a meat berserker
     8 | D        | Reached skill level 15 in Axes
     8 | D        | Reached skill level 5 in Throwing
     8 | D        | Reached skill level 5 in Armour
     8 | D        | Reached skill level 15 in Spellcasting
     8 | D        | Reached XP level 2. HP: 50/50 MP: 2/17
     8 | D        | Reached XP level 3. HP: 57/57 MP: 2/19
     8 | D        | Reached XP level 4. HP: 64/64 MP: 2/20
     8 | D        | Reached XP level 5. HP: 71/71 MP: 2/22
     8 | D        | Reached XP level 6. HP: 80/80 MP: 2/23
     8 | D        | Reached XP level 7. HP: 86/86 MP: 2/25
     8 | D        | Reached XP level 8. HP: 94/94 MP: 2/26
     8 | D        | Reached XP level 9. HP: 101/101 MP: 2/27
     8 | D        | Reached XP level 10. HP: 108/108 MP: 2/28
     8 | D        | Reached XP level 11. HP: 115/115 MP: 2/29
     8 | D        | Reached XP level 12. HP: 124/124 MP: 2/30
     8 | D        | Reached XP level 13. HP: 130/130 MP: 2/31
     9 | D        | Noticed a meat berserker
     9 | D        | Noticed a bag of meat
     9 | D        | Noticed a bag of meat
     9 | D        | Noticed a bag of meat
     9 | D        | Killed a bag of meat
     9 | D        | Reached * piety under Makhleb
     9 | D        | Reached XP level 14. HP: 134/138 MP: 2/32
     9 | D        | Killed a bag of meat
     9 | D        | Killed a bag of meat
     9 | D        | Reached XP level 15. HP: 145/145 MP: 2/33
    10 | D        | Noticed a meat berserker
    10 | D        | Reached ** piety under Makhleb
    10 | D        | Reached skill level 27 in Axes
    12 | D        | Reached XP level 16. HP: 103/152 MP: 3/34
    13 | D        | Killed a meat berserker
    14 | D        | Killed a meat berserker
    14 | D        | Reached *** piety under Makhleb
    14 | D        | Reached skill level 27 in Stealth
    14 | D        | Reached XP level 17. HP: 183/183 MP: 3/35
    15 | D        | Reached skill level 27 in Fighting
    15 | D        | Reached skill level 15 in Dodging
    17 | D        | Reached XP level 18. HP: 200/200 MP: 4/36
    19 | D        | Reached **** piety under Makhleb
    22 | D        | Noticed a destroyer
    23 | D        | Noticed a meat berserker
    25 | D        | Learned a level 4 spell: Passage of Golubria
    25 | D        | Killed a meat berserker
    25 | D        | Reached skill level 27 in Dodging
    25 | D        | Reached XP level 19. HP: 207/207 MP: 5/37
    25 | D        | Killed a destroyer
    26 | D        | Noticed a meat berserker
    28 | D        | Noticed a meat berserker
    28 | D        | Noticed a destroyer
    28 | D        | Reached skill level 27 in Translocations
    28 | D        | Reached XP level 20. HP: 216/216 MP: 6/39
    29 | D        | Noticed a meat berserker
    30 | D        | Noticed a destroyer
    30 | D        | Noticed a destroyer
    30 | D        | Killed a meat berserker
    30 | D        | Reached ***** piety under Makhleb
    31 | D        | Noticed a large bag of meat
    33 | D        | Killed a meat berserker
    33 | D        | Reached skill level 27 in Spellcasting
    33 | D        | Reached XP level 21. HP: 224/224 MP: 7/51
    33 | D        | Killed a meat berserker
    34 | D        | Noticed a large bag of meat
    35 | D        | Noticed a meat berserker
    35 | D        | Reached skill level 27 in Invocations
    35 | D        | Reached skill level 10 in Armour
    36 | D        | Noticed a meat berserker
    36 | D        | Reached XP level 22. HP: 233/233 MP: 8/52
    37 | D        | Killed a destroyer
    37 | D        | Reached ****** piety under Makhleb
    38 | D        | Reached skill level 27 in Armour
    39 | D        | Killed a large bag of meat
    39 | D        | Reached XP level 23. HP: 240/240 MP: 9/53
    40 | D        | Reached skill level 27 in Unarmed Combat
    41 | D        | Noticed a large bag of meat
    41 | D        | Noticed a destroyer
    41 | D        | Killed a destroyer
    41 | D        | Reached XP level 24. HP: 249/249 MP: 9/53
    41 | D        | Reached skill level 27 in Throwing
    42 | D        | Noticed a destroyer
    42 | D        | Noticed a destroyer
    43 | D        | Noticed a destroyer
    43 | D        | Killed a destroyer
    44 | D        | Reached XP level 25. HP: 244/257 MP: 10/53
    45 | D        | Killed a destroyer
    45 | D        | Killed a destroyer
    46 | D        | Reached XP level 26. HP: 266/266 MP: 10/53
    47 | D        | Killed a destroyer
    48 | D        | Noticed a destroyer
    49 | D        | Noticed a tyrant
    50 | D        | Killed a destroyer
    50 | D        | Reached XP level 27. HP: 260/273 MP: 11/53
    50 | D        | Reached skill level 27 in Long Blades
    50 | D        | Killed a large bag of meat
    52 | D        | Noticed a destroyer
    53 | D        | Killed a large bag of meat
    54 | D        | Noticed a destroyer
    54 | D        | Noticed a tyrant
    54 | D        | Noticed a destroyer
    55 | D        | Noticed a destroyer
    55 | D        | Noticed a destroyer
    57 | D        | Noticed an accursed
    58 | D        | Killed a destroyer
    60 | D        | Killed a destroyer
    61 | D        | Killed a destroyer
    61 | D        | Noticed a destroyer
    61 | D        | Noticed a destroyer
    62 | D        | Killed a destroyer
    64 | D        | Noticed a destroyer
    65 | D        | Noticed a destroyer
    65 | D        | Killed a destroyer
    65 | D        | Killed a destroyer
    65 | D        | Killed a destroyer
    66 | D        | Killed a tyrant
    68 | D        | Noticed an accursed
    68 | D        | Noticed a tyrant
    68 | D        | Killed an accursed
    68 | D        | Killed a destroyer
    69 | D        | Noticed a meat beast
    70 | D        | Killed a destroyer
    71 | D        | Killed an accursed
    72 | D        | Killed a tyrant
    73 | D        | Killed a meat beast
    74 | D        | Killed a destroyer
    75 | D        | Noticed a tyrant
    77 | D        | Noticed a large bag of meat
    78 | D        | Noticed a destroyer
    81 | D        | Noticed a dread
    81 | D        | Killed a destroyer
    83 | D        | Noticed a meat beast
    83 | D        | Killed a tyrant
    84 | D        | Killed a tyrant
    84 | D        | Killed a large bag of meat
    85 | D        | Noticed a destroyer
    85 | D        | Noticed a meat beast
    85 | D        | Noticed a tyrant
    87 | D        | Killed a meat beast
    88 | D        | Killed a meat beast
    95 | D        | Killed from afar by a wretched soul

Vault maps used:
D:        meatsprint

Skill      XL: |  1  2  3  4  5  6  7  8  9 10 11 12 13 14 15 16 17 18 19 20 21 22 23 24 25 26 27 |
---------------+----------------------------------------------------------------------------------+-----
Fighting       | 16 24 27 | 27.0
Axes           | 15 19 25 27 | 27.0
Throwing       | 5 25 27 | 27.0
Armour         | 5 16 27 | 27.0
Dodging        | 14 19 27 | 27.0
Spellcasting   | 15 16 27 | 27.0
Stealth        | 17 27 | 27.0
Translocations | 12 27 | 27.0
Invocations    | 9 27 | 27.0
Unarmed Combat | 23 27 | 27.0
Long Blades    | 25 27 | 27.0

Action                   |  1- 3 |  4- 6 |  7- 9 | 10-12 | 13-15 | 16-18 | 19-21 | 22-24 | 25-27 || total
-------------------------+-------+-------+-------+-------+-------+-------+-------+-------+-------++-------
Melee: Executioner's axe |     1 |       |       |       |     3 |     7 |     7 |     8 |    38 ||    64
 Cast: Passage of Golubr |       |       |       |       |       |       |       |       |     2 ||     2
Dodge: Dodged            |       |       |       |       |       |       |     1 |       |     4 ||     5
